 Dungeon Sprint DCSS version 0.30-a0-34-gbe8da3892a (webtiles) character file.

Game seed: 9040639240205125995

6453 mhtbhm the Earth Mage (level 10, -5/56 HPs)
             Began as a Gargoyle Earth Elementalist on Aug 27, 2022.
             Was the Champion of Vehumet.
             Slain by a queen bee (9 damage)
             ... in the Dungeon (Sprint III: "The Ten Rune Challenge").
             The game lasted 00:08:27 (2429 turns).

mhtbhm the Earth Mage (Gargoyle Earth Elementalist) Turns: 2429, Time: 00:08:27

Health: -5/56      AC: 12    Str: 19    XL:     10   Next: 99%
Magic:  16/29      EV: 13    Int: 19    God:    Vehumet [******]
Gold:   2379       SH:  0    Dex:  9    Spells: 13/39 levels left

rFire   . . .      SeeInvis .    (no weapon)
rCold   . . .      Faith    .    (no shield)
rNeg    + . .      Spirit   .    a - +0 robe
rPois   ∞          Reflect  .    (no helmet)
rElec   +          Harm     .    (no cloak)
rCorr   .          Rampage  .    d - +2 pair of gloves {Str+3}
Will    .....      NoTele   +    (no boots)
Stlth   +++.......               (no amulet)
HPRegen 0.18/turn                (no ring)
MPRegen 0.21/turn                (no ring)

@: no status effects
A: sickness immunity, AC +7, negative energy resistance 1, electricity
resistance, torment resistance 1, petrification resistance, strong 1, noise
suppression
a: Renounce Religion


You were in the Dungeon.
You worshipped Vehumet.
Vehumet was exalted by your worship.
You visited 1 branch You collected 2680 gold pieces.
You spent 301 gold pieces at shops.

Inventory:

Missiles
 h - 4 poisoned darts (quivered)
Armour
 a - a +0 robe (worn)
 d - a +2 pair of gloves of strength (worn)
Scrolls
 j - a scroll of poison {unknown}
 k - 2 scrolls of identify {unknown}
 m - a scroll of immolation {unknown}
Potions
 b - 2 potions of magic
 c - a potion of curing
 f - a potion of berserk rage
 l - 4 potions of flight
 n - 2 potions of mutation
 o - 2 potions of might
Miscellaneous
 p - a phial of floods


   Skills:
 + Level 3.3 Fighting
 + Level 2.2 Throwing
 + Level 5.0 Dodging
 + Level 5.5 Stealth
 + Level 15.1 Spellcasting
 + Level 8.0 Conjurations
 + Level 1.4 Hexes
 + Level 1.6 Transmutations
 + Level 1.0 Fire Magic
 + Level 19.3 Earth Magic
 + Level 1.8 Evocations


You had 13 spell levels left.
You knew the following spells:

 Your Spells              Type           Power      Damage    Failure   Level
a - Sandblast             Erth           100%       2d20      0%          1
b - Passwall              Tmut/Erth      43%        N/A       1%          2
c - Stone Arrow           Conj/Erth      100%       3d13      1%          3
d - Petrify               Tmut/Erth      52%        N/A       1%          4
e - Foxfire               Conj/Fire      100%       2x1d9     1%          1
f - Fireball              Conj/Fire      15%        3d8       5%          5
g - Scorch                Fire           36%        2d7       1%          2
h - Inner Flame           Hex/Fire       19%        N/A       2%          3
i - Lee's Rapid Deconstr  Erth           36%        3d19*     1%          5

Your spell library contained the following spells:

 Spells                   Type           Power      Damage    Failure   Level
 Iskenderun's Battlesphe  Conj           44%        2d10      1%          5
 Starburst                Conj/Fire      15%        6d6       26%         6
 Ignition                 Fire           9%         3d5       100%        8


Dungeon Overview and Level Annotations

Branches:
Dungeon (1/1)

Altars:
Cheibriados
Dithmenos
Elyvilon
Fedhas
Gozag
Hepliaklqana
Kikubaaqudgha
Makhleb
Nemelex Xobeh
Okawaru
Qazlal
Ru
Sif Muna
Trog
Uskayaw
Vehumet
Wu Jian
Xom
Yredelemnul
Zin
The Shining One
Jiyva
Lugonu

Shops:
D [


Innate Abilities, Weirdness & Mutations

You are immune to sickness and miasma.
Your stone body is resilient. (AC +7)
You are immune to poison.
You resist negative energy. (rN+)
You are resistant to electric shocks. (rElec)
You are resistant to unholy torment.
You are immune to petrification.
Your muscles are strong. (Str +4, Int/Dex -1)
You passively dampen the noise of your surroundings.


Message History

The queen bee stings you!
You barely miss the queen bee.
The queen bee is severely wounded.
The queen bee stings you!
* * * LOW HITPOINT WARNING * * *
You hit the queen bee but do no damage.
The queen bee is severely wounded.
The queen bee stings you.
* * * LOW HITPOINT WARNING * * *
Magic courses through your body. The queen bee completely misses you.
Casting: Sandblast (safe; 0% risk of failure)
Confirm with . or Enter, or press ? or * to list all spells.
Aiming: Lee's Rapid Deconstruction (safe; 1% risk of failure)
Press: ? - help, Dir - move target, p - queen bee A rock wall.
The wall shatters!
The blast of rock fragments hits the queen bee!
The queen bee is almost dead.
The blast of rock fragments hits the killer bee!!
You kill the killer bee!
Vehumet accepts your kill.
You feel your power returning. The queen bee stings you!
* * * LOW HITPOINT WARNING * * *
Your Dodging skill increases to level 5!
Unknown command.
Unknown command.
Unknown command.
Casting: Lee's Rapid Deconstruction (safe; 1% risk of failure)
Confirm with . or Enter, or press ? or * to list all spells.
Aiming: Lee's Rapid Deconstruction (safe; 1% risk of failure)
Press: ? - help, Dir - move target A rock wall.
The wall shatters!
The blast of rock fragments hits the queen bee but does no damage.
The queen bee is almost dead.
The blast of rock fragments hits the killer bee!!
You kill the killer bee!
Vehumet accepts your kill. The queen bee stings you!
You die...

# #...# ###...+ ))...##
))..### ....#.# #).#..#
#.#.###
########################
~'.#))...'.#.#.#@y††.~≈#
~#.#.#...##.#.#.##†..~≈#
§#.#.#...#.#.#.#.# ..~≈≈
§#...#...##.#.#.## .~~~
▓▓▓▓▓▓▓▓▓#.#.#.#.# ...
...~~~...##.#.#.## ..
≈≈≈≈≈♣♣P.'.#.#.#.# .
♣♣♣♣♣♣♣PP##.#.#.##
♣♣♣##+#####


You could see a queen bee.

Vanquished Creatures
  Snorg (D)
  A centaur warrior (D)
  An orc high priest (D)
  A deep elf pyromancer (D)
  An orc sorcerer (D)
  An unseen horror (D)
  3 wandering mushrooms (D)
  A shadow (D)
  A spatial vortex (D)
  4 orc warriors (D)
  2 centaurs (D)
  An earth elemental (D)
  A necrophage (D)
  A water elemental (D)
  32 killer bees (D)
  2 orc priests (D)
  A jelly (D)
  A wizard (D)
  Jessica (D)
  A necromancer (D)
  2 orc wizards (D)
  3 humans (D)
  A kobold demonologist (D)
  A phantom (D)
  7 orcs (D)
  A hobgoblin (D)
  3 rats (D)
76 creatures vanquished.

Vanquished Creatures (others)
  A plant (D)
1 creature vanquished.

Grand Total: 77 creatures vanquished

Notes
Turn   | Place    | Note
-------+----------+-------------------------------------------
     0 | D        | mhtbhm the Gargoyle Earth Elementalist began the quest for
                  | the Orb.
     0 | D        | Reached XP level 1. HP: 10/10 MP: 3/3
     3 | D        | Reached skill level 4 in Earth Magic
    57 | D        | Noticed Jessica
    59 | D        | Killed Jessica
    60 | D        | Reached skill level 6 in Earth Magic
    60 | D        | Reached XP level 2. HP: 2/15 MP: 1/6
    60 | D        | Reached XP level 3. HP: 3/19 MP: 1/7
   333 | D        | Reached skill level 7 in Earth Magic
   401 | D        | Learned a level 2 spell: Passwall
   405 | D        | Learned a level 3 spell: Stone Arrow
   459 | D        | Gained mutation: Your body sometimes deteriorates upon
                  | taking damage. [potion of mutation]
   459 | D        | Gained mutation: Your spells are a little harder to cast,
                  | but a little more powerful. [potion of mutation]
   459 | D        | Gained mutation: You have a pair of small horns on your
                  | head. [potion of mutation]
   460 | D        | Lost mutation: Your spells are a little harder to cast, but
                  | a little more powerful. [potion of mutation]
   460 | D        | Lost mutation: Your body sometimes deteriorates upon taking
                  | damage. [potion of mutation]
   460 | D        | Lost mutation: You have a pair of small horns on your head.
                  | [potion of mutation]
   460 | D        | Gained mutation: You have hidden genetic defects. [potion
                  | of mutation]
   460 | D        | Gained mutation: You are robust. (+10% HP) [potion of
                  | mutation]
   461 | D        | Lost mutation: You have hidden genetic defects. [potion of
                  | mutation]
   461 | D        | Lost mutation: You are robust. (+10% HP) [potion of
                  | mutation]
   461 | D        | Gained mutation: You passively dampen the noise of your
                  | surroundings. [potion of mutation]
   461 | D        | Gained mutation: Your muscles are strong. (Str +4, Int/Dex
                  | -1) [potion of mutation]
   485 | D        | Noticed a water elemental
   515 | D        | Killed a water elemental
   516 | D        | Reached skill level 1 in Transmutations
   516 | D        | Reached skill level 8 in Earth Magic
   516 | D        | Reached XP level 4. HP: 24/24 MP: 2/10
   586 | D        | Learned a level 4 spell: Petrify
   590 | D        | Found a radiant altar of Vehumet.
   590 | D        | Found a shimmering blue altar of Sif Muna.
   590 | D        | Found an ancient bone altar of Kikubaaqudgha.
   590 | D        | Noticed a wizard
   591 | D        | Killed a wizard
   592 | D        | Reached skill level 5 in Spellcasting
   592 | D        | Reached skill level 1 in Conjurations
   592 | D        | Reached skill level 9 in Earth Magic
   592 | D        | Reached XP level 5. HP: 28/28 MP: 9/12
   593 | D        | Noticed a sixfirhy
   600 | D        | Became a worshipper of Vehumet
   654 | D        | Found a basalt altar of Yredelemnul.
   654 | D        | Found a shadowy altar of Dithmenos.
   654 | D        | Found a sacrificial altar of Ru.
   658 | D        | Reached skill level 10 in Earth Magic
   660 | D        | Reached skill level 1 in Throwing
   660 | D        | Reached XP level 6. HP: 32/32 MP: 5/15
   726 | D        | Found a glowing silver altar of Zin.
   726 | D        | Found a glowing golden altar of the Shining One.
   726 | D        | Found a white marble altar of Elyvilon.
   726 | D        | Noticed a deep elf pyromancer
   729 | D        | Killed a deep elf pyromancer
   729 | D        | Reached * piety under Vehumet
   729 | D        | Offered knowledge of Foxfire by Vehumet.
   730 | D        | Reached skill level 5 in Stealth
   730 | D        | Reached skill level 13 in Earth Magic
   730 | D        | Reached XP level 7. HP: 36/36 MP: 8/19
   798 | D        | Learned a level 1 spell: Foxfire
   804 | D        | Learned a level 5 spell: Fireball
   807 | D        | Found a hide-covered altar of Uskayaw.
   807 | D        | Found an iron altar of Okawaru.
   807 | D        | Found a bloodstained altar of Trog.
   807 | D        | Found an ornate altar of the Wu Jian Council.
   807 | D        | Noticed a human
   807 | D        | Noticed a human
   815 | D        | Killed a human
   816 | D        | Reached skill level 14 in Earth Magic
   822 | D        | Killed a human
   823 | D        | Reached XP level 8. HP: 34/42 MP: 3/21
   931 | D        | Noticed a shadow
   934 | D        | Killed a shadow
   934 | D        | Reached ** piety under Vehumet
   934 | D        | Offered knowledge of Scorch by Vehumet.
   994 | D        | Learned a level 2 spell: Scorch
   998 | D        | Found a blossoming altar of Fedhas.
   998 | D        | Found a stormy altar of Qazlal.
   998 | D        | Found a snail-covered altar of Cheibriados.
   998 | D        | Found a burning altar of Makhleb.
   998 | D        | Found a shimmering altar of Xom.
   999 | D        | Found a hazy altar of Hepliaklqana.
   999 | D        | Found an opulent altar of Gozag.
   999 | D        | Found a sparkling altar of Nemelex Xobeh.
   999 | D        | Found a corrupted altar of Lugonu.
   999 | D        | Found a viscous altar of Jiyva.
  1003 | D        | Reached skill level 1 in Fighting
  1003 | D        | Reached skill level 10 in Spellcasting
  1062 | D        | Noticed Snorg
  1100 | D        | Killed Snorg
  1100 | D        | Offered knowledge of Inner Flame by Vehumet.
  1101 | D        | Reached skill level 5 in Conjurations
  1101 | D        | Reached skill level 16 in Earth Magic
  1101 | D        | Reached XP level 9. HP: 23/48 MP: 7/24
  1271 | D        | Reached *** piety under Vehumet
  1402 | D        | Learned a level 3 spell: Inner Flame
  1404 | D        | Noticed a centaur warrior
  1413 | D        | Killed a centaur warrior
  1414 | D        | Offered knowledge of Fulminant Prism by Vehumet.
  1419 | D        | Reached skill level 17 in Earth Magic
  1827 | D        | Killed an unseen horror
  1975 | D        | Noticed a wandering mushroom
  1979 | D        | Noticed a wandering mushroom
  1982 | D        | Killed a wandering mushroom
  1982 | D        | Reached **** piety under Vehumet
  1982 | D        | Offered knowledge of Lee's Rapid Deconstruction by Vehumet.
  1984 | D        | Noticed a wandering mushroom
  1991 | D        | Learned a level 5 spell: Lee's Rapid Deconstruction
  1995 | D        | Killed a wandering mushroom
  1996 | D        | Reached XP level 10. HP: 54/54 MP: 16/27
  2136 | D        | Found Vewkap's Armour Emporium.
  2136 | D        | Noticed an orc high priest
  2136 | D        | Noticed an orc sorcerer
  2138 | D        | Killed an orc sorcerer
  2138 | D        | Reached ***** piety under Vehumet
  2138 | D        | Offered knowledge of Eringya's Noxious Bog by Vehumet.
  2141 | D        | Reached skill level 18 in Earth Magic
  2141 | D        | Reached skill level 1 in Evocations
  2158 | D        | Killed an orc high priest
  2159 | D        | Reached skill level 1 in Hexes
  2336 | D        | Bought a +2 pair of gloves of strength for 301 gold pieces
  2386 | D        | Reached ****** piety under Vehumet
  2386 | D        | Offered knowledge of Iskenderun's Battlesphere by Vehumet.
  2389 | D        | Reached skill level 1 in Fire Magic
  2395 | D        | Reached skill level 19 in Earth Magic
  2401 | D        | Reached skill level 15 in Spellcasting
  2429 | D        | Reached skill level 5 in Dodging
  2429 | D        | Slain by a queen bee

Illustrated notes

Levels and vault maps discovered:
D:        dungeon_sprint_mu [sprint_mu_entry_forest, sprint_mu_temple_rooms,
          sprint_mu_d1_horrors, sprint_mu_d2_genie, sprint_mu_d3_branching,
          sprint_mu_orc_legion, sprint_mu_elf_gauntlet, sprint_mu_hive_nellie,
          sprint_mu_lair_fedhas, sprint_mu_vaults_butterflies,
          sprint_mu_slime_circle, sprint_mu_shoals_archi,
          sprint_mu_snake_twists, sprint_mu_blade_basic,
          sprint_mu_crypt_chambers, sprint_mu_tomb_spiral,
          sprint_mu_vestibule_basic, sprint_mu_gehenna_hellfire,
          sprint_mu_dis_giant, sprint_mu_tartarus_statrot,
          sprint_mu_cocytus_islands, sprint_mu_zot1]

Skill      XL: |  1  2  3  4  5  6  7  8  9 10 |
---------------+-------------------------------+-----
Earth Magic    | 6 8 9 10 13 14 16 17 19 | 19.3
Dodging        | 2 3 4 5 |  5.0
Stealth        | 3 4 5 |  5.5
Spellcasting   | 3 4 5 6 8 9 11 13 15 | 15.1
Transmutations | 1 |  1.6
Conjurations   | 1 3 5 7 8 |  8.0
Throwing       | 1 2 |  2.2
Fighting       | 1 2 3 |  3.3
Evocations     | 1 |  1.8
Hexes          | 1 |  1.4
Fire Magic     | 1 |  1.0

Action                   |  1- 3 |  4- 6 |  7- 9 | 10-12 || total
-------------------------+-------+-------+-------+-------++-------
Melee: Unarmed           |       |       |       |    10 ||    10
Throw: Dart              |     3 |       |       |       ||     3
 Cast: Sandblast         |    11 |     7 |    12 |    23 ||    53
       Stone Arrow       |     3 |     4 |    37 |     3 ||    47
       Petrify           |       |       |     1 |       ||     1
       Lee's Rapid Decon |       |       |       |    17 ||    17
       Inner Flame       |       |       |       |     2 ||     2
Evoke: Wand              |       |       |     1 |     5 ||     6
  Use: Potion            |     3 |       |     3 |     1 ||     7
       Scroll            |       |       |     1 |       ||     1
Armor: Robe              |       |       |    14 |    14 ||    28
Dodge: Dodged            |     3 |     3 |    12 |    31 ||    49

Table legend: (Time is in decaauts)
 A = Elapsed time spent in this place.
 B = Non-inter-level travel time spent in this place.
 C = Inter-level travel time spent in this place.
 D = Time resting spent in this place.
 E = Time spent auto-exploring this place.
 F = Levels seen in this place.
 G = Mean time per level.
                   A        B        C        D        E       F      G
               +--------+--------+--------+--------+--------+-----+--------+
         Total |   2449 |   2449 |      0 |   1661 |     49 |   1 | 2449.0 |
       Dungeon |   2449 |   2449 |      0 |   1661 |     49 |   1 | 2449.0 |
               +--------+--------+--------+--------+--------+-----+--------+

Top non-repeatable levels by time:
       D: 2449 daAuts
